 Dungeon Crawl Stone Soup version 0.32-a0-818-gb728d0252e (webtiles) character file.

Game seed: 14777754096042884861

3157 pokeman the Thaumaturge (level 9, 0/49 HPs)
             Began as a Deep Elf Hedge Wizard on Mar 23, 2024.
             Slain by an ice beast (7 damage)
             ... on level 7 of the Dungeon on Mar 24, 2024.
             The game lasted 00:25:07 (6206 turns).

pokeman the Thaumaturge (Deep Elf Hedge Wizard)     Turns: 6206, Time: 00:25:07

Health: 0/49       AC:  4    Str:  7    XL:     9   Next: 62%
Magic:  24/26      EV: 12    Int: 24    God:
Gold:   72         SH:  0    Dex: 14    Spells: 19/31 levels left

rFire   . . .        e - +0 sling (elec)
rCold   x . .        (no shield)
rNeg    + + .        b - +0 robe
rPois   +            c - +0 hat
rElec   .            (no cloak)
rCorr   +            E - +0 pair of gloves
SInv    .            a - +0 pair of boots
Will    .....        r - amulet of magic regeneration
Stlth   +++          q - ring "Mauclag" {^Drain rPois rC- rN++ rCorr}
HPRegen 0.28/turn    (no ring)
MPRegen 0.60/turn

%: no passive effects
@: on blink cooldown
A: no striking features
a: no special abilities


You were on level 7 of the Dungeon.
You visited 1 branch of the dungeon, and saw 7 of its levels.

You collected 312 gold pieces.
You spent 240 gold pieces at shops.

Inventory:

Hand Weapons
 e - a +0 sling of electrocution (weapon)
 B - a +2 short sword of venom
Missiles
 h - a throwing net
 s - 4 curare-tipped darts
Armour
 a - a +0 pair of boots (worn)
 b - a +0 robe (worn)
 c - a +0 hat (worn)
 p - a +0 buckler
 E - a +0 pair of gloves (worn)
Magical Staves
 t - a staff of cold
Jewellery
 k - an amulet of the acrobat
 q - the ring "Mauclag" (left hand) {^Drain rPois rC- rN++ rCorr}
   (You found it on level 2 of the Dungeon)

   [ring of resist corrosion]

   rC-:       It makes you vulnerable to cold.
   rPois:     It protects you from poison.
   rN++:      It greatly protects you from negative energy.
   rCorr:     It protects you from acid and corrosion.
   ^Drain:    It drains your maximum health when unequipped.
 r - an amulet of magic regeneration (around neck)
 G - an amulet of guardian spirit
Scrolls
 f - a scroll of torment {unknown}
 g - 6 scrolls of identify
 j - 2 scrolls of silence {unknown}
 l - a scroll of vulnerability {unknown}
 n - 3 scrolls of revelation
 u - a scroll of fog {unknown}
 x - 2 scrolls of noise {unknown}
 y - a scroll of immolation {unknown}
 z - 2 scrolls of blinking
 A - 3 scrolls of teleportation
 H - a scroll of fear {unknown}
Potions
 d - a potion of magic
 i - 2 potions of lignification {unknown}
 m - 2 potions of curing {unknown}
 o - a potion of invisibility {unknown}
 v - 3 potions of might {unknown}
 w - a potion of degeneration {unknown}
 C - a potion of attraction {unknown}
 D - a potion of enlightenment {unknown}
 F - 2 potions of brilliance {unknown}
 I - 2 potions of heal wounds {unknown}


   Skills:
 + Level 2.6 Fighting
 - Level 2.0 Armour
 - Level 4.0 Dodging
 - Level 4.1 Stealth
 - Level 2.0 Shields
 * Level 11.7 Spellcasting
 + Level 6.5 Conjurations
 - Level 1.1 Summonings
 - Level 2.1 Necromancy
 - Level 1.1 Translocations
 + Level 5.2 Ice Magic
 - Level 1.1 Air Magic
 - Level 1.0 Alchemy
 - Level 1.1 Evocations


You had 19 spell levels left.
You knew the following spells:

 Your Spells              Type           Power      Damage    Failure   Level
a - Magic Dart            Conj           100%       1d8       1%          1
b - Mephitic Cloud        Conj/Alch/Air  28%        N/A       4%          3
c - Call Imp              Summ           38%        N/A       4%          2
d - Blink                 Tloc           38%        N/A       4%          2
e - Dispel Undead         Necr           24%        3d12      19%         4

Your spell library contained the following spells:

 Spells                   Type           Power      Damage    Failure   Level
 Kiss of Death            Conj/Necr      100%       2d13      1%          1
 Ensorcelled Hibernation  Hex/Ice        52%        N/A       2%          2
 Cigotuvi's Dreadful Rot  Necr/Alch/Air  42%        N/A       3%          2
 Slow                     Hex            56%        N/A       4%          1
 Fugue of the Fallen      Necr           24%        N/A       5%          3
 Flame Wave               Conj/Fire      29%        2d9       12%         4
 Confusing Touch          Hex            14%        N/A       13%         3
 Inner Flame              Hex/Fire       14%        N/A       13%         3
 Anguish                  Hex/Necr       9%         N/A       28%         4
 Sticky Flame             Fire/Alch      16%        2d5       34%         4


Dungeon Overview and Level Annotations

Branches:
Dungeon (7/15)
 Temple: D:4-7

Altars:
Dithmenos
Hepliaklqana
Makhleb
Nemelex Xobeh
Trog
Beogh

Shops:
D:4 ?   D:6 =*

Annotations:
D:4 3 runed translucent doors, smashvw's ghost, amateur VSFi


Message History

Aim: an ice beast (lightly wounded, ally target, 56% to hit)
You shoot a sling bullet.
The sling bullet closely misses the ice beast.
The ice beast hits you but does no damage.
Your cerulean imp hits the ice beast but does no damage.
The ice beast hits you but does no damage.
Fire: e) +0 sling (elec)
Press: ? - help, Q - select action, (/) - cycle Shift-Dir - straight line, f/p - ice beast
Aim: an ice beast (lightly wounded, ally target, 56% to hit)
You shoot a sling bullet. The sling bullet hits the ice beast.
Lightning courses through the ice beast!!
The ice beast is almost dead.
Your cerulean imp hits the ice beast but does no damage.
The ice beast hits you. The ice beast freezes you!
You feel a terrible chill!
Casting: Call Imp (safe; 4% risk of failure)
Confirm with . or Enter, or press ? or * to list all spells.
You blink.
Your cerulean imp barely misses the ice beast.
Casting: Blink (safe; 4% risk of failure)
Confirm with . or Enter, or press ? or * to list all spells.
Aiming: Magic Dart (safe; 1% risk of failure)
Press: ? - help, Shift-Dir - straight line, f/p - ice beast
Aim: an ice beast (almost dead, ally target, 100% to hit)
The magic dart hits the ice beast but does no damage.
The ice beast is almost dead.
Your cerulean imp barely misses the ice beast.
The ice beast hits you. The ice beast freezes you!
You feel a terrible chill!
* * * LOW HITPOINT WARNING * * *
Casting: Magic Dart (safe; 1% risk of failure)
Confirm with . or Enter, or press ? or * to list all spells.
Aiming: Magic Dart (safe; 1% risk of failure)
Press: ? - help, Shift-Dir - straight line, f/p - ice beast
Aim: an ice beast (almost dead, ally target, 100% to hit)
The magic dart hits the ice beast but does no damage.
The ice beast is almost dead.
Your cerulean imp barely misses the ice beast.
The ice beast hits you.
* * * LOW HITPOINT WARNING * * *
The ice beast freezes you!
You feel a terrible chill!
You die...

.#....#...##.##......
......#....#.......#
.........#.^.##....#
......####..#.....### #
.....###............#####.#
.....#...............#....##
...>.#...........)...>.....#
......................)<...#
...............#@Y..#..#....
...............##5.###.# ..
..............#...# .#
.....................).#
..................
...............).
.....$...........
.#.##........... ....##
...#........


You could see an ice beast (ally target) and a friendly cerulean imp (summoned).

Vanquished Creatures
  Pikel (D:5)
  Grinder (D:6)
  Sigmund (D:2)
  Menkaure (D:6)
  2 water moccasins (D:7)
  Duvessa (D:5)
  A centaur (D:7)
  A lemure (D:5)
  2 bullfrogs
  2 kobold brigands
  A gnoll sergeant (D:6)
  A scorpion (D:3)
  7 wights
  Dowan (D:5)
  8 killer bees (D:7)
  A bombardier beetle (D:3)
  A jelly (D:6)
  2 gnoll boudas
  2 hounds
  3 iguanas
  13 gnolls
  6 adders
  4 ufetubi (D:6)
  4 ribbon worms
  4 dart slugs
  13 orcs
  8 ball pythons
  4 endoplasms
  2 giant cockroaches
  7 goblins
  7 hobgoblins
  6 jackals
  12 kobolds
  2 quokkas (D:3)
  12 bats
  7 frilled lizards
  4 rats
155 creatures vanquished.

Vanquished Creatures (collateral kills)
  A wight (D:6)
  A killer bee (D:7)
2 creatures vanquished.

Grand Total: 157 creatures vanquished

Notes
Turn   | Place    | Note
-------+----------+-------------------------------------------
     0 | D:1      | pokeman the Deep Elf Hedge Wizard began the quest for the
                  | Orb.
     0 | D:1      | Reached XP level 1. HP: 10/10 MP: 7/7
   333 | D:1      | Reached XP level 2. HP: 14/15 MP: 6/9
   835 | D:2      | Reached skill level 5 in Spellcasting
   903 | D:2      | Reached XP level 3. HP: 20/20 MP: 8/11
   912 | D:2      | Learned a level 3 spell: Mephitic Cloud
   915 | D:2      | Learned a level 2 spell: Call Imp
   918 | D:2      | Learned a level 2 spell: Blink
  1067 | D:2      | Reached skill level 1 in Armour
  1184 | D:2      | You fall into a shaft and drop 2 floors!
  1187 | D:4      | Reached skill level 1 in Fighting
  1276 | D:3      | Reached XP level 4. HP: 21/25 MP: 8/13
  1516 | D:2      | Noticed Sigmund
  1527 | D:2      | Killed Sigmund
  1528 | D:2      | Reached skill level 6 in Spellcasting
  1528 | D:2      | Reached XP level 5. HP: 29/29 MP: 6/16
  1680 | D:2      | Identified the ring "Mauclag" {^Drain rPois rC- rN++ rCorr}
  2132 | D:3      | Reached XP level 6. HP: 34/34 MP: 15/17
  2334 | D:3      | Found a faded altar of an unknown god.
  2533 | D:3      | Reached skill level 7 in Spellcasting
  2635 | D:4      | Found a runed translucent gate.
  2635 | D:4      | Found a runed translucent gate.
  2635 | D:4      | Found a runed translucent gate.
  2641 | D:4      | Noticed smashvw's ghost (amateur VSFi)
  2793 | D:4      | Found Yras's Magic Scroll Shoppe.
  2844 | D:4      | Bought a scroll of blinking for 90 gold pieces
  2844 | D:4      | Bought a scroll of revelation for 90 gold pieces
  2844 | D:4      | Bought a scroll of teleportation for 36 gold pieces
  2961 | D:4      | Noticed a moth of wrath
  2963 | D:4      | Found a bloodstained altar of Trog.
  3052 | D:4      | Reached XP level 7. HP: 34/38 MP: 16/19
  3131 | D:4      | Identified the +3 scale mail "Jenur" {Slay+4}
  3255 | D:4      | Bought a scroll of identify for 24 gold pieces
  3299 | D:4      | Found a roughly hewn altar of Beogh.
  3332 | D:5      | Entered Level 5 of the Dungeon
  3509 | D:5      | Noticed Duvessa
  3511 | D:5      | Noticed Dowan
  3520 | D:5      | Killed Duvessa
  3521 | D:5      | Reached skill level 1 in Air Magic
  3521 | D:5      | Reached skill level 1 in Alchemy
  3521 | D:5      | Reached skill level 1 in Evocations
  3527 | D:5      | Killed Dowan
  3528 | D:5      | Reached skill level 1 in Ice Magic
  3541 | D:5      | Learned a level 4 spell: Dispel Undead
  3541 | D:5      | Noticed Pikel
  3576 | D:5      | Killed Pikel
  3577 | D:5      | Reached skill level 1 in Shields
  3577 | D:5      | Reached skill level 8 in Spellcasting
  3577 | D:5      | Reached XP level 8. HP: 27/43 MP: 20/22
  3751 | D:5      | Reached skill level 9 in Spellcasting
  3876 | D:5      | Found a hazy altar of Hepliaklqana.
  4380 | D:6      | Reached skill level 5 in Conjurations
  4480 | D:6      | Found Poiluisadi's Sacrilege Store.
  4554 | D:6      | Noticed Menkaure
  4558 | D:6      | Killed Menkaure
  4683 | D:6      | Noticed Grinder
  4695 | D:6      | Killed Grinder
  4696 | D:6      | Reached skill level 10 in Spellcasting
  4724 | D:6      | Found a burning altar of Makhleb.
  4724 | D:6      | Noticed a balrug
  4855 | D:6      | Found a shadowy altar of Dithmenos.
  4938 | D:6      | Found Dabewi's Jewellery Shoppe.
  5114 | D:6      | Reached XP level 9. HP: 47/47 MP: 23/25
  5554 | D:7      | Reached skill level 11 in Spellcasting
  6021 | D:7      | Found a sparkling altar of Nemelex Xobeh.
  6030 | D:7      | Reached skill level 5 in Ice Magic
  6206 | D:7      | Slain by an ice beast

Illustrated notes

Levels and vault maps discovered:
D:1:      saegor_arrival_simple_e, layout_loops_ring, hangedman_decor_riveting,
          serial_bayou_lake_a
D:2:      layout_loops_ring, corexii_corridor_pit, uniq_sigmund
D:3:      layout_basic, hellmonk_ecumenical_altar_pennies_from_heaven
D:4:      layout_cave_pools, tgw_trog, biasface_ghost_orc_armoury,
          roderic_batcave, serial_bayou_lagoon_a, kennysheep_windowed_goal
D:5:      layout_cave_pods, nzn_hepliaklqana_mist_gate, uniq_pikel, uniq_duvessa
D:6:      layout_gridville, makhleb_altar_promises_db,
          grunt_dithmenos_smoke_and_mirrors, serial_shops, shop,
          nicolae_evil_shop, uniq_grinder, uniq_menkaure
D:7:      layout_cave_pools, nemelex_xobeh_ov_fountains_minmay,
          minmay_temple_entry_metal_lava, grunt_ministairs_10

Skill      XL: |  1  2  3  4  5  6  7  8  9 |
---------------+----------------------------+-----
Spellcasting   | 5 6 7 8 10 11 | 11.7
Armour         | 1 2 |  2.0
Fighting       | 1 2 |  2.6
Conjurations   | 2 3 4 5 6 |  6.5
Dodging        | 3 4 |  4.0
Stealth        | 3 4 |  4.1
Air Magic      | 1 |  1.1
Alchemy        | 1 |  1.0
Evocations     | 1 |  1.1
Ice Magic      | 2 4 5 |  5.2
Shields        | 1 2 |  2.0
Necromancy     | 2 |  2.1
Summonings     | |  1.1
Translocations | |  1.1

Action                     |  1- 3 |  4- 6 |  7- 9 || total
---------------------------+-------+-------+-------++-------
  Melee: Short sword       |       |       |     4 ||     4
   Fire: Sling             |    33 |    73 |   210 ||   316
   Cast: Magic Dart        |    43 |    72 |    67 ||   182
         Mephitic Cloud    |       |     6 |    27 ||    33
         Dispel Undead     |       |       |    11 ||    11
         Blink             |       |       |     6 ||     6
         Call Imp          |       |       |     4 ||     4
   Stab: Confused          |       |       |     1 ||     1
 Armour: Robe              |    15 |    21 |    67 ||   103
  Dodge: Dodged            |    21 |    25 |   107 ||   153

Table legend: (Time is in decaauts)
 A = Elapsed time spent in this place.
 B = Non-inter-level travel time spent in this place.
 C = Inter-level travel time spent in this place.
 D = Time resting spent in this place.
 E = Time spent auto-exploring this place.
 F = Levels seen in this place.
 G = Mean time per level.
                   A        B        C        D        E       F      G
               +--------+--------+--------+--------+--------+-----+--------+
         Total |   6352 |   6123 |    229 |    308 |   4624 |   7 |  907.4 |
       Dungeon |   6352 |   6123 |    229 |    308 |   4624 |   7 |  907.4 |
               +--------+--------+--------+--------+--------+-----+--------+

Top non-repeatable levels by time:
     D:6: 1089 daAuts
     D:5: 1005 daAuts
     D:2: 1001 daAuts
     D:4: 864 daAuts
     D:7: 861 daAuts
     D:3: 771 daAuts
     D:1: 758 daAuts
